SAAA
PENNSAUKEN FLYERS @ CALGARY LYNX
09/21/2027
 
TOP OF THE 1ST
Pennsauken Flyers batting - Pitching for Calgary Lynx : LHP Felipe Machado
Pitching: LHP Felipe Machado
Batting: LHB Vinski Prifti 0-0: Called Strike
0-1: Called Strike
0-2: Ball
1-2: Foul Ball, location: 2F
1-2: Foul Ball, location: 2F
1-2: Ground out U3 (Groundball, 34S)
Batting: LHB Ignacio Martínez 0-0: Ground out 4-3 (Groundball, 34D)
Batting: RHB Juan Tapia 0-0: Called Strike
0-1: Ball
1-1: Foul Ball, location: 2F
1-2: DOUBLE (Line Drive, 7LM)
Batting: RHB Byron Isaacson 0-0: Called Strike
0-1: Reached on error, E5 (Groundball, 56)
Juan Tapia to third
Batting: RHB José Rodríguez 0-0: Fielders Choice at 2nd, 5-4 (Groundball, 56)
Top of the 1st over - 0 run(s), 1 hit(s), 1 error(s), 1 left on base; Pennsauken 0 - Calgary 0
BOTTOM OF THE 1ST
Calgary Lynx batting - Pitching for Pennsauken Flyers : RHP Zach Rediker
Pitching: RHP Zach Rediker
Batting: SHB David Martínez 0-0: Called Strike
0-1: Ball
1-1: Ball
2-1: Ball
3-1: Base on Balls
Batting: RHB Ieyoshi Yamamoto 0-0: Ball
Wild Pitch!
David Martínez to second
1-0: Foul Ball, location: 2F
1-1: Foul Ball, location: 2F
1-2: Ball
2-2: Ball
3-2: Foul Ball, location: 2F
3-2: Ground out 1-3 (Groundball, 15S)
Batting: RHB Lytle Creek 0-0: Ball
1-0: Called Strike
1-1: Ball
2-1: Ball
3-1: Fly out, F7 (Flyball, 78S)
Batting: RHB Wilson Vega 0-0: Swinging Strike
0-1: Ball
1-1: SINGLE (Groundball, 6MD)
David Martínez to third
Runner from 3rd tries for Home, SAFE, no throw
Batting: LHB José León 0-0: Ball
1-0: Ball
2-0: Called Strike
2-1: Foul Ball, location: 2F
2-2: SINGLE (Flyball, 7LM)
Wilson Vega to second
Batting: RHB Hieu De 0-0: Foul Ball, location: 2F
0-1: Fielders Choice at 2nd, 4-6 (Groundball, 4)
Bottom of the 1st over - 1 run(s), 2 hit(s), 0 error(s), 1 left on base; Pennsauken 0 - Calgary 1
TOP OF THE 2ND
Pennsauken Flyers batting - Pitching for Calgary Lynx : LHP Felipe Machado
Batting: RHB Dave Stockman 0-0: Fly out, F8 (Flyball, 8RS)
Batting: SHB Nuygen Vuong 0-0: Ball
1-0: Fly out, F6 (Line Drive, 6MD)
Batting: LHB Brad Lawrence 0-0: Ball
1-0: Ball
2-0: Ground out 4-3 (Groundball, 4)
Top of the 2nd over - 0 run(s), 0 hit(s), 0 error(s), 0 left on base; Pennsauken 0 - Calgary 1
BOTTOM OF THE 2ND
Calgary Lynx batting - Pitching for Pennsauken Flyers : RHP Zach Rediker
Batting: LHB Thomas Campbell 0-0: Ball
1-0: Fly out, F9 (Flyball, 9S)
Batting: LHB Daniel García 0-0: Ball
1-0: Ball
2-0: Foul Ball, location: 2F
2-1: Foul Ball, location: 2F
2-2: Foul Ball, location: 2F
2-2: Ball
3-2: Strikes out swinging
Batting: RHB Juan Martínez 0-0: Swinging Strike
0-1: Ball
1-1: Foul Ball, location: 2F
1-2: Ground out 5-3 (Groundball, 56S)
Bottom of the 2nd over - 0 run(s), 0 hit(s), 0 error(s), 0 left on base; Pennsauken 0 - Calgary 1
TOP OF THE 3RD
Pennsauken Flyers batting - Pitching for Calgary Lynx : LHP Felipe Machado
Batting: RHB Clarence Therrien 0-0: Ball
1-0: Ball
2-0: Called Strike
2-1: Foul Ball, location: 2F
2-2: Foul Ball, location: 2F
2-2: Ball
3-2: Base on Balls
Batting: LHB Vinski Prifti 0-0: Called Strike
0-1: SINGLE (Groundball, 4MD)
Clarence Therrien to second
Runner from 2nd tries for 3rd, SAFE, throw made to third
Vinski Prifti to second
Batting: LHB Ignacio Martínez 0-0: Called Strike
0-1: Ball
1-1: Ball
2-1: Ball
3-1: Called Strike
3-2: SINGLE (Flyball, 89S)
Clarence Therrien scores
Vinski Prifti to third
Batting: RHB Juan Tapia 0-0: Ball
Wild Pitch!
Vinski Prifti scores
Ignacio Martínez to second
1-0: Foul Ball, location: 2F
1-1: Ground out 2-3 (Groundball, 15S)
Ignacio Martínez to third
Batting: RHB Byron Isaacson 0-0: Ball
1-0: Called Strike
1-1: Fly out, F9 (Flyball, 9LSF)
Runner from 3rd tags up, SCORES, no throw
Batting: RHB José Rodríguez 0-0: Fly out, F7 (Line Drive, 7)
Top of the 3rd over - 3 run(s), 2 hit(s), 0 error(s), 0 left on base; Pennsauken 3 - Calgary 1
BOTTOM OF THE 3RD
Calgary Lynx batting - Pitching for Pennsauken Flyers : RHP Zach Rediker
Batting: SHB David Martínez 0-0: Ball
1-0: Ball
2-0: Ball
3-0: Called Strike
3-1: Fly out, F8 (Flyball, 8LM)
Batting: RHB Ieyoshi Yamamoto 0-0: Ball
1-0: Called Strike
1-1: Called Strike
1-2: Ball
2-2: Strikes out swinging
Batting: RHB Lytle Creek 0-0: Ball
1-0: Ball
2-0: Called Strike
2-1: Ball
3-1: Base on Balls
Batting: RHB Wilson Vega 0-0: Ground out 1-3 (Groundball, 15S)
Bottom of the 3rd over - 0 run(s), 0 hit(s), 0 error(s), 1 left on base; Pennsauken 3 - Calgary 1
TOP OF THE 4TH
Pennsauken Flyers batting - Pitching for Calgary Lynx : LHP Felipe Machado
Batting: RHB Dave Stockman 0-0: Ball
1-0: Foul Ball, location: 2F
1-1: Foul Ball, location: 2F
1-2: Foul Ball, location: 2F
1-2: Foul Ball, location: 2F
1-2: Strikes out swinging
Batting: SHB Nuygen Vuong 0-0: Ball
1-0: Called Strike
1-1: Foul Ball, location: 2F
1-2: Ball
2-2: Strikes out looking
Batting: LHB Brad Lawrence 0-0: Ball
1-0: Foul Ball, location: 2F
1-1: Called Strike
1-2: Ball
2-2: Foul Ball, location: 2F
2-2: Ball
3-2: Fly out, F7 (Flyball, 7LS)
Top of the 4th over - 0 run(s), 0 hit(s), 0 error(s), 0 left on base; Pennsauken 3 - Calgary 1
BOTTOM OF THE 4TH
Calgary Lynx batting - Pitching for Pennsauken Flyers : RHP Zach Rediker
Batting: LHB José León 0-0: Ball
1-0: DOUBLE (Line Drive, 7LD)
Batting: RHB Hieu De 0-0: Ball
1-0: Ball
2-0: Foul Ball, location: 2F
2-1: Swinging Strike
2-2: Ground out 5-3 (Groundball, 56)
Batting: LHB Thomas Campbell 0-0: Ball
1-0: Ball
2-0: Ground out 3-1 (Groundball, 34S)
José León to third
Batting: LHB Daniel García 0-0: Called Strike
0-1: Called Strike
0-2: Ground out 4-3 (Groundball, 4)
Bottom of the 4th over - 0 run(s), 1 hit(s), 0 error(s), 1 left on base; Pennsauken 3 - Calgary 1
TOP OF THE 5TH
Pennsauken Flyers batting - Pitching for Calgary Lynx : LHP Felipe Machado
Batting: RHB Clarence Therrien 0-0: Called Strike
0-1: Ball
1-1: Ball
2-1: Foul Ball, location: 2F
2-2: Foul Ball, location: 2F
2-2: Foul Ball, location: 2F
2-2: Ball
3-2: Base on Balls
Batting: LHB Vinski Prifti 0-0: Fly out, F5 (Popup, 5D)
Batting: LHB Ignacio Martínez 0-0: Foul Ball, location: 2F
0-1: Foul Ball, location: 2F
0-2: Ball
1-2: Foul Ball, location: 2F
1-2: Ball
2-2: Strikes out swinging
Batting: RHB Juan Tapia 0-0: Ball
1-0: Ball
2-0: SINGLE (Groundball, 4MD)
Clarence Therrien to second
Runner from 2nd tries for 3rd, SAFE, no throw
Batting: RHB Byron Isaacson 0-0: Foul Ball, location: 2F
0-1: Ball
1-1: Fly out, F9 (Flyball, 9LS)
Top of the 5th over - 0 run(s), 1 hit(s), 0 error(s), 2 left on base; Pennsauken 3 - Calgary 1
BOTTOM OF THE 5TH
Calgary Lynx batting - Pitching for Pennsauken Flyers : RHP Zach Rediker
Batting: RHB Juan Martínez 0-0: Ground out 4-3 (Groundball, 4)
Batting: SHB David Martínez 0-0: Called Strike
0-1: Swinging Strike
0-2: Ball
1-2: Ground out 4-3 (Groundball, 4)
Batting: RHB Ieyoshi Yamamoto 0-0: Foul Ball, location: 2F
0-1: SINGLE (Flyball, 8LM) - OUT at second base trying to stretch hit.
Bottom of the 5th over - 0 run(s), 1 hit(s), 0 error(s), 0 left on base; Pennsauken 3 - Calgary 1
TOP OF THE 6TH
Pennsauken Flyers batting - Pitching for Calgary Lynx : LHP Felipe Machado
Batting: RHB José Rodríguez 0-0: Fly out, F8 (Flyball, 8LD)
Batting: RHB Dave Stockman 0-0: Called Strike
0-1: Foul Ball, location: 2F
0-2: Strikes out looking
Batting: SHB Nuygen Vuong 0-0: Fly out, F8 (Line Drive, 8RM)
Top of the 6th over - 0 run(s), 0 hit(s), 0 error(s), 0 left on base; Pennsauken 3 - Calgary 1
BOTTOM OF THE 6TH
Calgary Lynx batting - Pitching for Pennsauken Flyers : RHP Zach Rediker
Batting: RHB Lytle Creek 0-0: Called Strike
0-1: Ball
1-1: Foul Ball, location: 2F
1-2: Foul Ball, location: 2F
1-2: Foul Ball, location: 2F
1-2: Foul Ball, location: 2F
1-2: Ball
2-2: Fly out, F7 (Flyball, 7LSF)
Batting: RHB Wilson Vega 0-0: Swinging Strike
0-1: Swinging Strike
0-2: Foul Ball, location: 2F
0-2: Strikes out swinging
Batting: LHB José León 0-0: DOUBLE (Groundball, 3L)
Batting: RHB Hieu De 0-0: Reached on error, E7 (Flyball, 7S)
José León scores
Batting: LHB Thomas Campbell 0-0: Called Strike
0-1: DOUBLE (Line Drive, 7LS)
Hieu De scores
Batting: LHB Daniel García 0-0: Called Strike
0-1: Called Strike
0-2: Ground out 5-3 (Groundball, 56S)
Bottom of the 6th over - 2 run(s), 2 hit(s), 1 error(s), 1 left on base; Pennsauken 3 - Calgary 3
TOP OF THE 7TH
Pennsauken Flyers batting - Pitching for Calgary Lynx : LHP Felipe Machado
Pinch Hitting: RHB Stephen Johnson 0-0: Ball
1-0: SINGLE (Groundball, 4M) (infield hit)
Batting: RHB Clarence Therrien 0-0: Called Strike
0-1: Bunted foul
0-2: Ball
1-2: Grounds into double play, 6-4-3 (Groundball, 6)
Pinch Hitting: RHB Raúl Guerrero 0-0: Ball
1-0: Ball
2-0: Ball
3-0: Called Strike
3-1: SINGLE (Line Drive, 78S)
Batting: LHB Ignacio Martínez 0-0: Ball
1-0: Ball
2-0: Ball
Raúl Guerrero steals 2nd base
3-0: Called Strike
3-1: Ground out 4-3 (Groundball, 4)
Top of the 7th over - 0 run(s), 2 hit(s), 0 error(s), 1 left on base; Pennsauken 3 - Calgary 3
BOTTOM OF THE 7TH
Calgary Lynx batting - Pitching for Pennsauken Flyers : RHP Zach Rediker
Now at SS: Raúl Guerrero
Now in RF: Bob Lambert
Pinch Hitting: RHB Álex Estrada 0-0: Called Strike
0-1: Ball
1-1: Foul Ball, location: 2F
1-2: Strikes out looking
Pinch Hitting: LHB Francisco Santos 0-0: DOUBLE (Line Drive, 78D)
Pitching: RHP Will O'Slattery
Batting: RHB Ieyoshi Yamamoto 0-0: Swinging Strike
0-1: Ball
1-1: Ball
2-1: Ball
3-1: Foul Ball, location: 2F
3-2: Foul Ball, location: 2F
3-2: Fly out, F4 (Flyball, 4D)
Batting: RHB Lytle Creek 0-0: Called Strike
0-1: Ball
1-1: SINGLE (Groundball, 56D)
Francisco Santos to third
Runner from 3rd tries for Home, SAFE, no throw
Pinch Hitting: RHB Jesús Martínez 0-0: Ball
1-0: Ball
2-0: Swinging Strike
2-1: Ball
3-1: Called Strike
Lytle Creek steals 2nd base
3-2: Strikes out swinging
Bottom of the 7th over - 1 run(s), 2 hit(s), 0 error(s), 1 left on base; Pennsauken 3 - Calgary 4
TOP OF THE 8TH
Pennsauken Flyers batting - Pitching for Calgary Lynx : LHP Felipe Machado
Pitching: RHP José Larranaga
Now at 2B: Mario Piña
Now at 3B: Jim Unknown
Now at SS: Francisco Santos
Batting: RHB Juan Tapia 0-0: Reached on error, E5 (Groundball, 56)
Batting: RHB Byron Isaacson 0-0: Ball
1-0: Called Strike
1-1: Ball
2-1: Ball
3-1: Foul Ball, location: 2F
3-2: Base on Balls
Juan Tapia to second
Pinch Hitting: LHB Javier Antonio 0-0: Called Strike
0-1: Ball
1-1: Foul Ball, location: 2F
1-2: Ball
2-2: Strikes out looking
Pinch Hitting: LHB Nelson Castillo 0-0: Fly out, F5 (Popup, 56S)
Pinch Hitting: RHB Jim Unknown 0-0: Ball
1-0: Fly out, F6 (Line Drive, 6)
Top of the 8th over - 0 run(s), 0 hit(s), 1 error(s), 2 left on base; Pennsauken 3 - Calgary 4
BOTTOM OF THE 8TH
Calgary Lynx batting - Pitching for Pennsauken Flyers : RHP Will O'Slattery
Now at 2B: Phil Terry
Now at 3B: Jim Unknown
Now in LF: Jim Unknown
Batting: LHB José León 0-0: Ball
1-0: Called Strike
1-1: Ground out 4-3 (Groundball, 4M)
Batting: RHB Hieu De 0-0: Ball
1-0: Fly out, F9 (Flyball, 9S)
Batting: LHB Thomas Campbell 0-0: Ball
1-0: Fly out, F8 (Flyball, 8LM)
Bottom of the 8th over - 0 run(s), 0 hit(s), 0 error(s), 0 left on base; Pennsauken 3 - Calgary 4
TOP OF THE 9TH
Pennsauken Flyers batting - Pitching for Calgary Lynx : RHP José Larranaga
Pitching: RHP Tate Beason
Batting: SHB Bob Lambert 0-0: Ball
1-0: Swinging Strike
1-1: Called Strike
1-2: Foul Ball, location: 2F
1-2: Foul Ball, location: 2F
1-2: Ball
2-2: Ground out 4-3 (Groundball, 4)
Batting: RHB Clarence Therrien 0-0: Ball
1-0: Called Strike
1-1: Ball
2-1: Called Strike
2-2: Strikes out swinging
Batting: RHB Raúl Guerrero 0-0: Ball
1-0: Called Strike
1-1: Swinging Strike
1-2: Foul Ball, location: 2F
1-2: Ball
2-2: Strikes out looking
Top of the 9th over - 0 run(s), 0 hit(s), 0 error(s), 0 left on base; Pennsauken 3 - Calgary 4
Saturday, May 26th, 2018 - OOTP Baseball 17.12 Build 75